 Dungeon Crawl Stone Soup version 0.28.0-45-g0d030f2227 (webtiles) character file.

Game seed: 7429893412518598886

1241 NinjaNoafa the Conjurer (level 8, -1/68 HPs)
             Began as a Purple Draconian Conjurer on Apr 16, 2022.
             Slain by a two-headed ogre
             ... wielding a +0 giant club
              (14 damage)
             ... on level 6 of the Dungeon.
             The game lasted 00:18:01 (7595 turns).

NinjaNoafa the Conjurer (Purple Draconian Conjurer) Turns: 7595, Time: 00:18:02

Health: -1/68      AC: 13    Str:  9    XL:     8   Next: 25%
Magic:  6/14       EV: 13    Int: 21    God:
Gold:   265        SH:  5    Dex: 10    Spells: 10/15 levels left

rFire   . . .      SeeInvis .   w - +3 quarterstaff (chaos)
rCold   . . .      Faith    .   (shield currently unavailable)
rNeg    . . .      Spirit   .   (armour unavailable)
rPois   .          Reflect  +   (helmet restricted)
rElec   .          Harm     .   x - +2 cloak
rCorr   .          Rampage  .   (no gloves)
Will    +....                   (no boots)
Stlth   ++........              v - amulet of reflection
HPRegen 0.21/turn               e - ring of wizardry
MPRegen 0.14/turn               j - +4 ring of protection

@: no status effects
A: breathe power, AC +6, unfitting armour, cold-blooded
a: Breathe Dispelling Energy


You were on level 6 of the Dungeon.
You visited 1 branch of the dungeon, and saw 6 of its levels.

You collected 265 gold pieces.

Inventory:

Hand Weapons
 a - a +0 dagger of flaming
 d - a +1 vampiric dagger
 f - a +0 scythe of protection
 w - a +3 quarterstaff of chaos (weapon)
Missiles
 b - 126 stones
 m - 9 poisoned darts (quivered)
Armour
 x - a +2 cloak (worn)
Jewellery
 e - a ring of wizardry (left hand)
 j - a +4 ring of protection (right hand)
 q - an amulet of regeneration
 u - a ring of poison resistance
 v - an amulet of reflection (around neck)
Wands
 h - a wand of digging (5)
 n - a wand of flame (12)
 t - a wand of polymorph (13)
Scrolls
 i - a scroll of amnesia
 k - a scroll of vulnerability
 s - a scroll of enchant armour
Potions
 c - a potion of lignification
 g - a potion of brilliance
 o - a potion of haste
 p - a potion of degeneration


   Skills:
 - Level 5.0 Fighting
 + Level 0.9 Staves
 - Level 5.0 Dodging
 - Level 3.0 Stealth
 + Level 4.2 Spellcasting
 + Level 5.1 Conjurations
 + Level 1.9 Hexes
 + Level 2.4 Air Magic
 - Level 3.0 Evocations


You had 10 spell levels left.
You knew the following spells:

 Your Spells              Type           Power      Damage    Failure   Level
a - Magic Dart            Conj           100%       1d8       1%          1
b - Searing Ray           Conj           50%        2d6       1%          2
c - Static Discharge      Conj/Air       20%        N/A       1%          2

Your spell library contained the following spells:

 Spells                   Type           Power      Damage    Failure   Level
 Dazzling Flash           Conj/Hex       38%        N/A       3%          3
 Fulminant Prism          Conj/Hex       9%         3d7       11%         4
 Iskenderun's Mystic Bla  Conj/Tloc      15%        2d5       16%         4
 Sticky Flame             Conj/Fire      15%        2d4       16%         4
 Lightning Bolt           Conj/Air       10%        1d23      26%         5
 Dispel Undead            Necr           4%         3d7       41%         4
 Maxwell's Capacitive Co  Air            7%         ∞         100%        8


Dungeon Overview and Level Annotations

Branches:
Dungeon (6/15)
 Temple: D:4-7

Altars:

Shops:
D:1 !   D:4 (


Innate Abilities, Weirdness & Mutations

You can breathe bolts of dispelling energy.
Your rich purple scales are hard. (AC +6)
You cannot fit into any form of body armour.
You are cold-blooded and may be slowed by cold attacks.


Message History

Aim: a two-headed ogre, wielding two +0 giant clubs (heavily wounded, 90% to hit)
The searing ray hits the two-headed ogre.
The two-headed ogre is heavily wounded. (Press . to maintain the ray.)
The searing ray hits the two-headed ogre!
The two-headed ogre is severely wounded.
The two-headed ogre completely misses you.
The two-headed ogre hits you but does no damage.
The searing ray hits the two-headed ogre!
The two-headed ogre is severely wounded.
The two-headed ogre hits you with a +0 giant club!!
* * * LOW HITPOINT WARNING * * *
The two-headed ogre closely misses you.
Aiming: Throw Flame
Press: ? - help, Shift-Dir - straight line, f/p - two-headed ogre
Aim: a two-headed ogre, wielding two +0 giant clubs (severely wounded, 86% to hit)
The puff of flame hits the two-headed ogre.
The two-headed ogre is almost dead.
The two-headed ogre barely misses you. The two-headed ogre closely misses you.
Aiming: Throw Flame
Press: ? - help, Shift-Dir - straight line, f/p - two-headed ogre
Aim: a two-headed ogre, wielding two +0 giant clubs (almost dead, 86% to hit)
The puff of flame hits the two-headed ogre.
The two-headed ogre is almost dead.
Aiming: Throw Flame
Press: ? - help, Shift-Dir - straight line, f/p - two-headed ogre
Aim: a two-headed ogre, wielding two +0 giant clubs (almost dead, 86% to hit)
The puff of flame hits the two-headed ogre.
The two-headed ogre is almost dead.
You block the two-headed ogre's attack. The two-headed ogre closely misses you.
Casting: Searing Ray (safe; 1% risk of failure)
Confirm with . or Enter, or press ? or * to list all spells.
Aiming: Magic Dart (safe; 1% risk of failure)
Press: ? - help, Shift-Dir - straight line, f/p - two-headed ogre
Aim: a two-headed ogre, wielding two +0 giant clubs (almost dead, 100% to hit)
The magic dart hits the two-headed ogre.
The two-headed ogre is almost dead.
The two-headed ogre barely misses you.
The two-headed ogre hits you with a +0 giant club!
You die...

#.#. ##.....
#..# #......
#.## ##......
#..# #.......
##.## #.......
#..# #.......
###.###
#.......
####..O..#####
#.......
#.....@......#
#.......
#>...........#
#.......
#............#
#.......
#............#
###....<
#............#
######
#...........##
#...........#
#.....<.....##
###..........##


You could see a two-headed ogre.

Vanquished Creatures
  An orc warrior (D:6)
  A sky beast (D:5)
  A necrophage (D:6)
  An ogre (D:6)
  A boggart (D:6)
  A phantom (D:3)
  A scorpion (D:6)
  A water moccasin skeleton (D:5)
  A bullfrog zombie (D:6)
  An orc priest (D:6)
  A hound (D:5)
  3 iguanas
  Crazy Yiuf (D:5)
  A bullfrog skeleton (D:4)
  A jelly (D:6)
  4 orc wizards
  A hound skeleton (D:4)
  A howler monkey skeleton (D:6)
  10 adders
  An ufetubus (D:5)
  2 adder skeletons (D:2)
  3 worms
  3 dart slugs
  11 orcs
  10 ball pythons
  7 bats
  5 endoplasms
  8 giant cockroaches
  9 goblins
  9 hobgoblins
  4 jackals (D:3)
  6 quokkas
  4 frilled lizards
  6 kobolds
  6 rats
127 creatures vanquished.

Vanquished Creatures (others)
  An orc wizard (D:6)
1 creature vanquished.

Grand Total: 128 creatures vanquished

Notes
Turn   | Place    | Note
-------+----------+-------------------------------------------
     0 | D:1      | NinjaNoafa the Draconian Conjurer began the quest for the
                  | Orb.
     0 | D:1      | Reached XP level 1. HP: 14/14 MP: 3/3
   229 | D:1      | Found a faded altar of an unknown god.
   264 | D:1      | Reached XP level 2. HP: 20/20 MP: 0/5
   548 | D:1      | Found Kas Rurait's Distillery.
   961 | D:1      | Reached XP level 3. HP: 26/26 MP: 0/6
   964 | D:1      | Learned a level 2 spell: Searing Ray
  1815 | D:2      | Reached XP level 4. HP: 25/33 MP: 1/7
  2585 | D:3      | Noticed a phantom
  2592 | D:3      | Killed a phantom
  2593 | D:3      | Reached skill level 1 in Fighting
  2593 | D:3      | Reached skill level 1 in Air Magic
  2593 | D:3      | Reached XP level 5. HP: 29/40 MP: 0/9
  2596 | D:3      | Learned a level 2 spell: Static Discharge
  3971 | D:4      | Found Ygru Jir's Antique Weapon Shoppe.
  4348 | D:4      | Reached XP level 6. HP: 35/48 MP: 1/10
  4889 | D:4      | Reached skill level 1 in Evocations
  5050 | D:5      | Entered Level 5 of the Dungeon
  5158 | D:5      | Found a runed translucent door.
  5159 | D:5      | Noticed Crazy Yiuf
  5242 | D:5      | Reached skill level 1 in Hexes
  5881 | D:5      | Noticed a sky beast
  5893 | D:5      | Killed a sky beast
  5894 | D:5      | Your scales start taking on a rich purple colour.
  5894 | D:5      | Reached XP level 7. HP: 48/57 MP: 1/12
  6277 | D:5      | Killed Crazy Yiuf
  6854 | D:6      | Reached XP level 8. HP: 26/67 MP: 1/13
  6880 | D:6      | Reached skill level 5 in Fighting
  6887 | D:6      | Found a glowing drain.
  6911 | D:6      | Reached skill level 5 in Dodging
  6918 | D:6      | HP: 3/68 [something/puff of flame (3)]
  7073 | D:6      | Reached skill level 5 in Conjurations
  7488 | D:6      | Noticed Sigmund
  7491 | D:6      | Noticed Sigmund
  7491 | D:6      | Sigmund changed into Sigmund the boggart
  7498 | D:6      | Killed Sigmund the boggart
  7579 | D:6      | Noticed a two-headed ogre
  7595 | D:6      | Slain by a two-headed ogre

Illustrated notes

Levels and vault maps discovered:
D:1:      dpeg_arrival_tiny_k, layout_loops_ring, serial_shops,
          nicolae_square_shop, dreamdust_ecumenical_altar_statues
D:2:      layout_loops_corners
D:3:      minmay_spotlight, layout_basic, hangedman_decor_clover_reticule
D:4:      layout_gridville, nicolae_overflow_hidden_temple, serial_shops,
          nicolae_shop_advertising_works [nicolae_subvault_shop_adworks]
D:5:      layout_loops_ring, serial_glass, glass_columns_a, glass_columns_b,
          uniq_crazy_yiuf_cottage
D:6:      layout_cave_pods, gup_sewer_entry_pipe, kennysheep_generic_room_5,
          uniq_blork_the_orc, uniq_sigmund

Skill      XL: |  1  2  3  4  5  6  7  8 |
---------------+-------------------------+-----
Stealth        | 2 3 |  3.0
Dodging        | 2 3 4 5 |  5.0
Fighting       | 1 3 4 5 |  5.0
Air Magic      | 1 2 |  2.4
Spellcasting   | 3 4 |  4.2
Evocations     | 2 3 |  3.0
Hexes          | 1 |  1.9
Conjurations   | 5 |  5.1
Staves         | |  0.9

Action                   |  1- 3 |  4- 6 |  7- 9 || total
-------------------------+-------+-------+-------++-------
Melee: Dagger            |    29 |    27 |     4 ||    60
       Tailslap          |     3 |     4 |     1 ||     8
       Punch             |       |     1 |       ||     1
       Quarterstaff      |       |       |    33 ||    33
Throw: Dart              |       |     2 |       ||     2
 Cast: Magic Dart        |    53 |    37 |     8 ||    98
       Searing Ray       |    13 |    29 |     9 ||    51
       Static Discharge  |       |    25 |    16 ||    41
 Abil: Breathe Dispellin |       |       |     3 ||     3
Evoke: Wand              |       |       |     9 ||     9
  Use: Potion            |       |       |     7 ||     7
       Scroll            |       |       |    10 ||    10
Armor: Skin              |     9 |    28 |    42 ||    79
Dodge: Dodged            |    24 |    60 |    40 ||   124
Block: Other             |       |       |    23 ||    23
